[Event "*** Titled Tuesday Blitz"]
[Site "Chess.com"]
[Date "2020.04.14"]
[Round "6"]
[White "kungmongmanh"]
[Black "Revnov"]
[Result "1/2-1/2"]
[WhiteElo "2581"]
[BlackElo "2772"]
[TimeControl "180+1"]
[EndTime "11:05:39 PDT"]
[Termination "Game drawn by repetition"]

1. d4 e6 2. c4 Bb4+ 3. Nc3 f5 4. Nf3 Nf6 5. Qc2 O-O 6. g3 b6 7. Bg2 Bb7 8. O-O Bxc3 9. Qxc3 Qe7 10. b4 d6 11. Bb2 Nbd7 12. Nd2 Bxg2 13. Kxg2 e5 14. dxe5 dxe5 15. e4 Nxe4 16. Nxe4 fxe4 17. Rae1 Rf3 18. Qd2 Rd3 19. Qc2 Qxb4 20. Rxe4 Rd2 21. Bc3 Rxc2 22.
Bxb4 a5 23. Be7 Re8 24. Bg5 Rxa2 25. Rd1 Nc5 26. Ree1 Rc2 27. Bf4 Rxc4 28. Bxe5 Re7 29. f4 a4 30. Rd8+ Kf7 31. Red1 Rc2+ 32. Kh3 Ne4 33.
R1d4 Nf2+ 34. Kh4 a3 35. Ra4 a2 36. Raa8 Ke6 37. h3 Ne4 38. g4 h6 39. Kh5 Nd6 40.
Kg6 Kd5 41. Bxg7 Kc6 42. Ra4 Re3 43. Rda8 Ree2 44. f5 Rf2 45. h4 b5 46. Kxh6 bxa4 47.
Rxa4 Kb5 48. Ra8 c6 49. h5 Nxf5+ 50. gxf5 Rxf5 51. Kg6 Rff2 52. h6 Rg2+ 53. Kh7 Rh2 54. Rb8+ Kc5 55. Ra8 Rce2 56. Kg8 Kb6 57. h7 Reg2 58.
h8=Q Rxh8+ 59. Kxh8 c5 60. Kh7 Kb5 61. Kh6 Kb4 62.
Be5 c4 63. Rb8+ Ka4 64. Ra8+ Kb3 65. Rb8+ Ka4 66. Ra8+ Kb4 67. Rb8+ Kc5 68. Ra8 Kd5 69.
Bf6 Ke4 70. Re8+ Kd3 71. Rd8+ Kc2 72. Rb8 c3 73. Ra8 Kb2 74. Rb8+ Kc2 75. Ra8 Kd3 76. Rd8+ Ke2 77. Bxc3 Ke3 78. Ra8 Re2 79. Bd4+ Kd3 80.
Ba1 Rc2 81. Bg7 Kd2 82. Kg6 Kd1 83. Kh7 Re2 84. Kg8 Rc2 85. Kh7 Kd2 86. Kg8 Kc1 87. Kh7 Kb1 88. Kg8 Kc1 89. Kh7 Rh2+ 90. Kg8 Rc2 1/2-1/2

[Event "*** Titled Tuesday Blitz"]
[Site "Chess.com"]
[Date "2020.04.14"]
[Round "6"]
[White "inegrepus"]
[Black "Cuchulin"]
[Result "1/2-1/2"]
[WhiteElo "2273"]
[BlackElo "2115"]
[TimeControl "180+1"]
[EndTime "11:05:39 PDT"]
[Termination "Game drawn - insufficient material"]

1. d4 d5 2. c4 c6 3. Nf3 Nf6 4. Nc3 g6 5. cxd5 cxd5 6. Bf4 Bg7 7. e3 O-O 8. h3 Nc6 9. Be2 a6 10. O-O b5 11. a3 Bb7 12. Rc1 Rc8 13. b4 Nb8 14. a4 bxa4 15. Nxa4 Rxc1 16. Qxc1 Nc6 17. Nc5 Qb6 18. Qc3 Nxb4 19. Rb1 a5 20. Na4 Qc6 21. Qa3 Ba6 22. Bxa6 Qxa6 23. Nc5 Qb5 24.
Ne5 Ne4 25. Nb3 Ra8 26. Nxa5 Rxa5 27. Qxb4 Qxb4 28. Rxb4 Ra1+ 29. Kh2 g5 30. Rb8+ Bf8 31. Nd7 gxf4 32. Nxf8 Kg7 33. exf4 Nxf2 34. Nd7 Ne4 35. Ne5 Ra4 36. Nf3 e6 37. Rb7 Nd6 38. Rd7 Nf5 39. Ne5 Nxd4 40. Rxf7+ Kg8 41. Rb7 Nf5 42. g4 Ra2+ 43.
Kg1 Nd4 44. g5 Ne2+ 45. Kf1 Nxf4 46. Ng4 Nxh3 47. Nf6+ Kf8 48. Nxh7+ Kg8 49. Nf6+ Kf8 50. Nh7+ Ke8 51. Nf6+ Kd8 52. g6 Rf2+ 53. Ke1 Rxf6 54. g7 Rg6 55. g8=Q+ Rxg8 56. Rb8+ Ke7 57. Rxg8 Nf4 58.
Ra8 Kf6 59. Kf2 e5 60. Kf3 Kf5 61. Rb8 e4+ 62. Ke3 Ke5 63. Rb4 Ne6 64. Ra4 d4+ 65. Ke2 Kf4 66. Ra6 d3+ 67. Kf2 Ng5 68. Rf6+ Ke5 69.
Ra6 Kf4 70. Rf6+ Ke5 71. Ra6 Ne6 72. Ke3 Nc5 73. Ra5 Kd6 74. Rb5 Kd5 75. Ra5 Kc4 76. Ra8 Kc3 77. Kf2 d2 78. Ke2 e3 79.
Rd8 Nb3 80. Rd3+ Kc2 81. Kxe3 d1=Q 82. Rxd1 Kxd1 1/2-1/2

[Event "*** Titled Tuesday Blitz"]
[Site "Chess.com"]
[Date "2020.04.14"]
[Round "6"]
[White "starworld123"]
[Black "kircsaj"]
[Result "1/2-1/2"]
[WhiteElo "2578"]
[BlackElo "2317"]
[TimeControl "180+1"]
[EndTime "11:05:40 PDT"]
[Termination "Game drawn by repetition"]

1. Nf3 Nf6 2. g3 g6 3. Bg2 Bg7 4.
O-O O-O 5. c4 d6 6. d4 Nbd7 7.
Nc3 e5 8. e4 exd4 9. Nxd4 Re8 10. h3 a6 11. Be3 Rb8 12. Qc2 c5 13. Nde2 b5 14. cxb5 axb5 15. Rfd1 b4 16. Nd5 Nxd5 17. Rxd5 Nf6 18. Rd2 Qe7 19. Rad1 b3 20. axb3 Be6 21. Nc1 Red8 22. e5 dxe5 23. Rxd8+ Rxd8 24. Rxd8+ Qxd8 25. Bxc5 Bf5 26. Qe2 Nd7 27. b4 Qc7 28. Nb3 Be6 29.
Qc2 Bf8 30. Nd2 Nxc5 31. bxc5 Bxc5 32. Ne4 Bb6 33. Nf6+ Kf8 34. Nxh7+ Ke7 35. Qxc7+ Bxc7 36. Ng5 Bb3 37. Ne4 Bb6 38. Nd2 Be6 39. Kf1 f5 40. h4 Bd4 41. b3 Bc3 42. Nc4 e4 43. Ke2 Bd4 44. Bf1 Bd5 45. Bh3 Be6 46. Nd2 Kd6 47.
g4 Bf6 48. gxf5 gxf5 49. h5 Bg5 50. Nc4+ Kc5 51. Ne3 Bf7 52. Bxf5 Bxh5+ 53. Bg4 Bf7 54. Bf5 Bxb3 55. Bxe4 Kd4 56. Bd3 Bxe3 57. fxe3+ Ke5 58. Kd2 Bd5 59. Kc3 Bb7 60. Kd2 Bd5 61. Kc3 Bb7 62. Bc4 Be4 63. Bf1 Bf3 64. Kd2 Ke4 65. Ba6 Ke5 66.
Bb5 Bb7 67. Ke1 Be4 68. Kf2 Bb7 69. Ke2 Be4 70. Ba6 Bc6 71. Kd3 Be4+ 72. Kd2 Bc6 73. Bf1 Be4 74. Bd3 Bc6 75. Ke2 Bb7 76. Kf2 Bc6 77.
Be2 Bb7 78. Bf3 Ba6 79. Kg3 Bc4 80. Bg2 Be6 81. Kf3 Bd5+ 82. Kf2 Bc4 83. Bf1 Bd5 84. Be2 Be4 85. Ke1 Bc6 86. Kd2 Be4 87. Ba6 Bc6 88. Bd3 Bd5 1/2-1/2

[Event "*** Titled Tuesday Blitz"]
[Site "Chess.com"]
[Date "2020.04.14"]
[Round "6"]
[White "kuli4ik"]
[Black "AlleyOoper"]
[Result "1-0"]
[WhiteElo "2792"]
[BlackElo "2600"]
[TimeControl "180+1"]
[EndTime "11:05:42 PDT"]
[Termination "kuli4ik won by resignation"]

1. Nf3 b6 2. g3 Bb7 3. Bg2 g6 4. O-O Bg7 5. c4 Nf6 6. Nc3 O-O 7. Qc2 c5 8. Rd1 Nc6 9. b3 d5 10. cxd5 Nxd5 11. Bb2 Nd4 12. Nxd4 cxd4 13. Nxd5 Bxd5 14.
Bxd5 Qxd5 15. Qc4 Qd7 16. Rac1 d3 17. Bxg7 dxe2 18. Qxe2 Kxg7 19. Qe5+ Kg8 20. Rc7 Qg4 21. Rdc1 Rad8 22. Qe3 Rd7 23. Rxd7 Qxd7 24. h4 h5 25. Qf4 Rd8 26. Rc7 Qxd2 27. Qxd2 Rxd2 28. Rxa7 e6 29. a3 Ra2 30. Ra6 b5 31. Ra5 Kg7 32.
Kg2 Kf6 33. Kf3 e5 34. Ra6+ Kf5 35. Ra5 f6 36. Ke3 Kg4 37. Ra6 Kf5 38. Ra5 g5 39. hxg5 Kxg5 40. Rxb5 Rxa3 41. Rb8 Kf5 42. Kf3 Ra2 43.
Rb5 Rb2 44. Rb4 Kg5 45. Rb8 Kf5 46. Rb4 Kg5 47. Ke3 Kf5 48. Rb8 Kg5 49. b4 Kf5 50. b5 Rb3+ 51. Ke2 Ke4 52. Rb6 Rb2+ 53. Kf1 f5 54. Kg2 Rb3 55. Rb8 Rb2 56. b6 Rb3 57. b7 Rb2 58. Kh3 Rb1 59. Kg2 Rb2 60.
Kh3 Rb1 61. Kh4 Kf3 62. Rf8 Rxb7 63. Rxf5+ Ke4 64. Rf8 Rh7 65. Kg5 Kd4 66. Kg6 Rd7 67. Kxh5 e4 68. g4 Rh7+ 69. Kg6 Rh2 70. g5 Rg2 71.
Kh6 Rh2+ 72. Kg7 Rg2 73. g6 Kd3 74. Rf5 Ke2 75. Kf6 Rg1 76. g7 Rg2 77. Kf7 e3 78. fxe3 1-0

[Event "*** Titled Tuesday Blitz"]
[Site "Chess.com"]
[Date "2020.04.14"]
[Round "6"]
[White "donotreadit"]
[Black "Lion-Al-Messi"]
[Result "1-0"]
[WhiteElo "2695"]
[BlackElo "2475"]
[TimeControl "180+1"]
[EndTime "11:05:44 PDT"]
[Termination "donotreadit won on time"]

1. Nf3 b6 2. d4 Bb7 3. g3 Bxf3 4. exf3 Nf6 5. Bg2 e6 6. f4 d5 7. O-O Be7 8. c3 O-O 9. Nd2 c5 10. Nf3 cxd4 11. Nxd4 Qd7 12. Re1 Nc6 13. Be3 Nxd4 14. Bxd4 Rac8 15. a4 Qc7 16. h4 Rfd8 17. Kh2 g6 18.
Bh3 Ne4 19. h5 Bc5 20. f3 Bxd4 21. Qxd4 Nd6 22. Qf6 Ne8 23. Qh4 d4 24. cxd4 Rxd4 25. Re2 Rcd8 26. h6 Rd2 27. Re1 Qc4 28. Bf1 Qb4 29.
Qg5 Qxb2 30. Qxd8 Rxd8 31. Rxb2 Rd5 32. Rc1 Rh5+ 33. Kg1 Kf8 34. Rc8 Ke7 35. g4 Rxh6 36.
Rxe8+ Kxe8 37. a5 bxa5 38. Ra2 Kf8 39. Rxa5 Kg7 40. Rxa7 Rh4 41. Bc4 Kg8 42. Kg2 h5 43. Be2 hxg4 44. fxg4 Rh7 45. g5 Kg7 46. Bc4 Kg8 47.
Bd3 Rh4 48. Kg3 Rh1 49. Be4 Rc1 50. Bf3 Rc3 51. Ra5 Kg7 52. Re5 Rb3 53. Re2 Rb1 54. Kg4 Rg1+ 55. Rg2 Rf1 56. Kg3 Re1 57. Re2 Ra1 58.
Kf2 Ra3 59. Rd2 Ra4 60. Kg3 Ra3 61. Re2 Ra1 62. Bg4 Rg1+ 63. Kf3 Rf1+ 64. Rf2 Ra1 65.
Rc2 Ra3+ 66. Kf2 Ra4 67. Kg3 Ra3+ 68. Bf3 Rb3 69. Rc7 Ra3 70. Rb7 Ra1 71. Kf2 Ra2+ 72. Be2 Ra3 73. Rc7 Ra4 74. Ke3 Ra3+ 75. Bd3 Ra4 76. Bc4 Ra3+ 77. Kd4 Kg8 78. Ke5 Ra5+ 79.
Ke4 Ra4 80. Kd4 Ra5 81. Bd3 Ra4+ 82. Ke5 Ra3 83. Rd7 Kg7 84. Bc4 Ra5+ 85. Kd4 Ra4 86. Rb7 Kg8 87. Rb8+ 1-0

[Event "*** Titled Tuesday Blitz"]
[Site "Chess.com"]
[Date "2020.04.14"]
[Round "6"]
[White "hongnhung1234"]
[Black "AlexTriapishko"]
[Result "0-1"]
[WhiteElo "2129"]
[BlackElo "2786"]
[TimeControl "180+1"]
[EndTime "11:05:46 PDT"]
[Termination "AlexTriapishko won by checkmate"]

1. e4 c5 2. Nc3 Nc6 3. f4 e6 4. Nf3 d5 5. Bb5 Ne7 6. exd5 exd5 7. Qe2 d4 8. Bxc6+ bxc6 9. Na4 Qa5 10. b3 Ba6 11. Qe5 O-O-O 12. Qxc5 Qb5 13. Qxb5 Bxb5 14. Bb2 Nf5 15. Kf2 Re8 16. Rhe1 Bd6 17. g4 Nh6 18.
h3 c5 19. Ba3 Bxa4 20. bxa4 Kc7 21. Rab1 f5 22. Kg3 Kc6 23. Ne5+ Bxe5 24. Rxe5 Rxe5 25. fxe5 Re8 26. Kf4 fxg4 27. hxg4 Nf7 28. Re1 Nd8 29. c3 Rf8+ 30. Kg3 Ne6 31. cxd4 Nxd4 32.
Re4 Rf3+ 33. Kg2 Rxa3 34. e6 Nxe6 35. Rxe6+ Kd5 36. Ra6 Rxa2 37. Rxa7 Rxd2+ 38. Kf3 Rd3+ 39. Ke2 Rh3 40. Rxg7 Kc4 41. a5 Kb5 42. Ra7 c4 43. a6 Kb6 44. Ra8 c3 45. Kd1 Rh2 46. Rc8 Kxa6 47.
Rxc3 Kb5 48. Rc7 h6 49. Ke1 Kb6 50. Rd7 Kc6 51. Rd3 Kc5 52. Rd8 Kc4 53. Kf1 Rh4 54. Rc8+ Kd4 55. Ra8 Ke3 56. Rg8 Kf3 57. Ke1 Rh1+ 58.
Kd2 Rg1 59. Rf8+ Kg3 60. Ke2 Rg2+ 61. Kf1 Rh2 62. Rg8 Rh1+ 63. Ke2 Kg2 64. g5 h5 65. g6 Rh4 66. g7 Re4+ 67. Kd3 Rg4 68. Rh8 Rxg7 69.
Rxh5 Kf3 70. Rf5+ Kg4 71. Rd5 Re7 72. Kd4 Kf4 73. Re5 Rxe5 74. Kd3 Rd5+ 75. Kc4 Ke4 76. Kb4 Rd4+ 77. Ka5 Kd5 78. Ka6 Rb4 79. Ka5 Kc5 80. Ka6 Rb1 81. Ka7 Kc6 82. Ka8 Kc7 83. Ka7 Ra1# 0-1

[Event "*** Titled Tuesday Blitz"]
[Site "Chess.com"]
[Date "2020.04.14"]
[Round "6"]
[White "kingmonkey2006"]
[Black "KarstenHansch"]
[Result "0-1"]
[WhiteElo "2589"]
[BlackElo "2455"]
[TimeControl "180+1"]
[EndTime "11:05:50 PDT"]
[Termination "KarstenHansch won on time"]

1. e4 c6 2. Nc3 d5 3. Nf3 dxe4 4. Nxe4 Nf6 5. Qe2 Nxe4 6. Qxe4 Qa5 7. Bc4 Qf5 8. Qh4 Qxc2 9. O-O e6 10. Bb3 Qf5 11.
d4 Bd6 12. Bg5 h6 13. Rac1 Nd7 14. Rfe1 Nf8 15. Bc2 Qa5 16. Bf4 Bxf4 17. Qxf4 Nd7 18. Qd6 Qd5 19. Qa3 Nf6 20. Ne5 Qd8 21. Ba4 Bd7 22.
Qb4 Rb8 23. Qc5 a6 24. Qd6 Ra8 25. Qb4 Rb8 26. Qd6 Ra8 27. Qb4 Rb8 28. Nc4 Qe7 29. Nd6+ Kf8 30. Bb3 Ne8 31. Qb6 Nxd6 32. d5 cxd5 33.
Bxd5 g6 34. Qd4 Kg8 35. Bb3 Kh7 36. Rcd1 Nf5 37. Qxd7 Qxd7 38. Rxd7 Rhf8 39. Bxe6 Ng7 40. Bxf7 Rbd8 41. Rxb7 Rd2 42. f3 h5 43. Bb3 Kh6 44.
Ree7 Nf5 45. Re4 Rfd8 46. Rb6 a5 47. Ree6 Rc8 48. Rxg6+ Kh7 49. Rgc6 Re8 50. Rb7+ Ng7 51. h3 Re1+ 52. Kh2 Ree2 53. Kg3 Rxg2+ 54. Kf4 Rd4+ 55. Ke3 Rdd2 56. Rcc7 Rde2+ 57. Kd3 Rxb2 58. Kc3 Rbf2 59. Bc2+ Rxc2+ 60. Kd3 Rxc7 61. Rxc7 Rxa2 62. Ke4 Rh2 63. f4 Rxh3 64. f5 Kg8 65. f6 Ne8 66. f7+ Kf8 67.
fxe8=Q+ Kxe8 68. Ra7 a4 69. Rxa4 Rh4+ 70. Kf5 Rxa4 71.
Kg5 h4 72. Kh5 h3 73. Kg5 h2 0-1

[Event "*** Titled Tuesday Blitz"]
[Site "Chess.com"]
[Date "2020.04.14"]
[Round "6"]
[White "misha_chessone"]
[Black "NM2019"]
[Result "1-0"]
[WhiteElo "2185"]
[BlackElo "2034"]
[TimeControl "180+1"]
[EndTime "11:05:51 PDT"]
[Termination "misha_chessone won on time"]

1. d4 Nf6 2. c4 g6 3. Nc3 Bg7 4. e4 d6 5. Be2 O-O 6. Bg5 c6 7. Qd2 e5 8. Nf3 Nbd7 9. O-O Re8 10. Rfe1 Qc7 11. Rad1 a6 12. d5 c5 13. a4 Rb8 14. Bd3 Rf8 15. h3 Nb6 16. Ra1 Nbd7 17. Bh6 Re8 18. Be3 Nh5 19. Qc2 Qd8 20. a5 Ndf6 21. Bg5 h6 22. Be3 g5 23. Be2 Nf4 24. Nh2 Bd7 25. Qd1 Qc8 26. Ng4 Nxg4 27. Bxg4 Bxg4 28.
hxg4 Kh7 29. f3 Ng6 30. Na4 Qd8 31. Nb6 Qe7 32. Qd2 Nf4 33. Rad1 Rbd8 34. Qc1 h5 35. Bxf4 gxf4 36. gxh5 Qh4 37. Qd2 Qxh5 38. Kf2 Qg5 39. Rh1+ Kg6 40. Rdg1 Rh8 41. Kf1 Bf6 42. Qf2 Rxh1 43.
Rxh1 Rh8 44. Rxh8 Bxh8 45. Ke2 Bf6 46. Kd3 Qh5 47. Ke2 Qh2 48. Qf1 Bh4 49. Kd3 Qg3 50. Na4 Kf6 51. Nc3 Ke7 52. Kc2 Kf6 53.
Kd3 Ke7 54. Kc2 Kf6 55. Kb3 Ke7 56. Na4 Kd7 57. Nb6+ Kc7 58. Na4 Kd7 59. Nc3 Kc7 60. Ne2 Qg7 61. Nc3 Qg5 62. Kc2 Qg3 63. Ne2 Qg5 64.
Ng1 Qg3 65. Nh3 Qg7 66. Kb3 Qg3 67. Ng1 Bf6 68. Ne2 Qg7 69. Nc3 Bh4 70. Ka4 Qg3 71.
Kb3 Qg7 72. Kc2 Qg3 73. Kd2 Qg7 74. Ne2 Qg3 75. Nxg3 Bxg3 76. Qh1 b6 77. axb6+ Kxb6 78. Kc2 1-0

[Event "*** Titled Tuesday Blitz"]
[Site "Chess.com"]
[Date "2020.04.14"]
[Round "6"]
[White "sandromareco"]
[Black "lifeissofun"]
[Result "1-0"]
[WhiteElo "2880"]
[BlackElo "2218"]
[TimeControl "180+1"]
[EndTime "11:05:59 PDT"]
[Termination "sandromareco won by resignation"]

1. d4 Nf6 2. Bf4 b6 3. e3 Bb7 4. Nf3 g6 5. Be2 Bg7 6. O-O O-O 7.
c3 d6 8. Nbd2 c5 9. a4 a6 10.
Re1 Nbd7 11. Bd3 Ra7 12. e4 Qa8 13. e5 Nd5 14. Bg3 cxd4 15. cxd4 dxe5 16. dxe5 Nc5 17. Bc4 Rd8 18. Qe2 Nb4 19. Red1 e6 20. Bh4 Rd7 21.
Bf6 Bd5 22. Bxg7 Kxg7 23. Bxd5 Qxd5 24. Nc4 Qc6 25. Nd6 Ra8 26. Nd4 Qc7 27. a5 Nb7 28. Rac1 Qb8 29. axb6 Nxd6 30. exd6 Qxb6 31. Qe5+ Kg8 32. Nxe6 fxe6 33. Rc7 Rf7 34. Rxf7 Kxf7 35. Qf4+ Kg7 36. Qe5+ Kf7 37. Rd4 Nd5 38. Rxd5 exd5 39.
Qxd5+ Kf6 40. Qxa8 Qxd6 41. Qf3+ Kg7 42. g3 Qb6 43.
Qc3+ Kg8 44. Qc4+ Kg7 45. b3 Qd6 46. h4 Qd1+ 47. Kg2 Qd6 48. Qc3+ Kg8 49. Qf3 Qb6 50.
Qd5+ Kg7 51. g4 Kh6 52. Qg5+ Kg7 53. Qe7+ Kg8 54. Qe8+ Kg7 55. Qe5+ Kg8 56. Qd5+ Kg7 57. h5 gxh5 58. Qg5+ Kh8 59. Qe5+ Kg8 60. Qd5+ Kg7 61. gxh5 Kf6 62. Kg3 Qb8+ 63. Kg4 Qc8+ 64. Kf4 Qb8+ 65.
Kf3 Qc8 66. Qd4+ Kg5 67. Qe5+ Kh6 68. Qd6+ Kxh5 69. Qe7 Qf5+ 70. Kg2 Qg4+ 71. Kf1 Qd1+ 72. Kg2 Qxb3 73. Qxh7+ Kg5 74. Qg7+ Kf5 75. Qh7+ Ke5 76. Qh8+ Kd6 77. Qd8+ Kc6 78. Qc8+ Kb5 79. Qb7+ Kc4 80. Qxa6+ Kc3 81. Qf6+ Kc2 82. Qf5+ Kc1 83. Qc5+ Kb1 84. Qf5+ Ka1 85. Qa5+ Kb1 86. Qe1+ Ka2 87. Qd2+ Kb1 88. Qe3 Ka2 89. Qxb3+ Kxb3 90. Kf3 Kc4 91. Ke4 Kc5 92. Ke5 Kc6 93. Ke6 Kc7 94. Ke7 Kc6 95. f4 Kd5 96.
f5 Ke5 97. f6 1-0

[Event "*** Titled Tuesday Blitz"]
[Site "Chess.com"]
[Date "2020.04.14"]
[Round "6"]
[White "VolodymyrMolyboha"]
[Black "Hangar-18"]
[Result "1-0"]
[WhiteElo "2429"]
[BlackElo "2213"]
[TimeControl "180+1"]
[EndTime "11:06:02 PDT"]
[Termination "VolodymyrMolyboha won on time"]

1. e4 c5 2. Nf3 e6 3. c3 d5 4. e5 d4 5. Bd3 Nc6 6. Be4 Bd7 7.
d3 Nge7 8. Bf4 Ng6 9. Bg3 Be7 10. O-O O-O 11. c4 f5 12. exf6 Rxf6 13. Nbd2 Qb6 14. b3 Raf8 15. Re1 Bc8 16. Re2 Nf4 17. Bxf4 Rxf4 18. Qc2 Qc7 19. Rae1 Bd6 20. a3 a5 21.
Nf1 g6 22. Qc1 Qg7 23. Ng3 Ne7 24. Nd2 h5 25. Bf3 b6 26. Nge4 Bc7 27. Ng5 e5 28.
g3 R4f5 29. h4 Kh8 30. Bg2 Ng8 31. Nde4 Re8 32. Bh3 Nh6 33. Qd2 Ref8 34. Rf1 Bb7 35. Bg2 Bc8 36. Qe1 Ng4 37. Bh3 Nh6 38. Nd2 Rxg5 39.
hxg5 Bxh3 40. gxh6 Qxh6 41. Ne4 g5 42. f3 Bxf1 43.
Qxf1 g4 44. Rf2 Qe3 45. Kg2 gxf3+ 46. Rxf3 Rxf3 47. Qxf3 Qxf3+ 48. Kxf3 Kg7 49. g4 hxg4+ 50. Kxg4 Kg6 51. Nf2 Bd8 52. Kf3 Bg5 53. Ke4 Kf6 54. Ng4+ Ke6 55. Nxe5 Bc1 56. a4 Bg5 57. Nf3 Bf6 58. Nh2 Bg7 59. Ng4 Bh8 60. Nh6 Bg7 61.
Nf5 Bh8 62. Kf4 Be5+ 63. Kg4 Bh8 64. Ng3 Be5 65. Ne4 Bg7 66. Kg5 Bh8 67. Kg6 Ke5 68.
Kg5 Bg7 69. Nf2 Bf6+ 70. Kg4 Bg7 71. Nh3 Bh6 72. Ng1 Bd2 73. Nf3+ Kf6 74. Nxd2 Ke5 75. Nf3+ Kf6 76. Kf4 Ke6 77. Ke4 Kf6 78. Nxd4 cxd4 79. Kxd4 Ke6 80. Ke4 Kd6 81. d4 Kc6 82. Ke5 1-0

[Event "*** Titled Tuesday Blitz"]
[Site "Chess.com"]
[Date "2020.04.14"]
[Round "6"]
[White "arjwezhrtdrz"]
[Black "Vusatiuk_Vladimir"]
[Result "0-1"]
[WhiteElo "2198"]
[BlackElo "2364"]
[TimeControl "180+1"]
[EndTime "11:06:03 PDT"]
[Termination "Vusatiuk_Vladimir won by resignation"]

1. e4 c5 2. c3 Nf6 3. e5 Nd5 4.
Nf3 d6 5. d4 cxd4 6. cxd4 e6 7.
Bc4 Nc6 8. O-O Be7 9. Qe2 O-O 10. Rd1 Qc7 11. h3 Bd7 12. Bxd5 exd5 13. Nc3 Be6 14.
Bf4 a6 15. exd6 Bxd6 16. Bxd6 Qxd6 17. Ne5 Rfe8 18. Nxc6 bxc6 19. Qd2 Qb4 20. b3 Bf5 21. Na4 Qb7 22. Nc5 Qe7 23. Re1 Qf8 24. Qf4 Be6 25. Re3 Qe7 26. Rae1 a5 27. Qe5 Qd8 28. Qf4 Qe7 29.
Re5 Qd6 30. Rxe6 Rxe6 31. Nxe6 Qb4 32. Qe3 Re8 33. Qc1 fxe6 34. Qe3 e5 35. dxe5 d4 36. Qe4 c5 37. e6 Qb6 38. e7 Qd6 39. f4 d3 40. Qe6+ Qxe6 41. Rxe6 Kf7 42. Rd6 Rxe7 43. Rxd3 Re2 44. Rd7+ Kf6 45. Rc7 Rxa2 46. Rxc5 Ra3 47. Rb5 Kg6 48. Kh2 Kf6 49. h4 Kg6 50. Kh3 a4 51. Rb6+ Kf7 52. Rb7+ Kf6 53. Rb6+ Kf5 54.
g4+ Kxf4 55. Rb4+ Kf3 56. Rxa4 Rxb3 57. g5 Rb1 58. Kh2 Rb2+ 59. Kh3 Rb1 60. Kh2 Rb2+ 61. Kg1 Rb7 62. Ra3+ Kg4 63. Kg2 Rb2+ 64. Kf1 Kxh4 65.
Ra5 Kh5 66. Ra7 Kxg5 67. Rxg7+ Kh6 68. Rg3 Kh5 69. Kg1 Kh4 70. Rd3 h5 71. Rd4+ Kg3 72. Rd3+ Kf4 73. Rd4+ Ke3 74. Rh4 Rb5 75. Kg2 Rg5+ 76.
Kh3 Kf3 77. Rb4 Rg3+ 78. Kh4 Rg4+ 79. Rxg4 hxg4 0-1

[Event "*** Titled Tuesday Blitz"]
[Site "Chess.com"]
[Date "2020.04.14"]
[Round "6"]
[White "Bastiandash"]
[Black "Kaua18"]
[Result "1/2-1/2"]
[WhiteElo "2061"]
[BlackElo "2252"]
[TimeControl "180+1"]
[EndTime "11:06:05 PDT"]
[Termination "Game drawn by repetition"]

1. d4 Nf6 2. Nf3 e6 3. c3 b6 4. Bg5 Bb7 5. Nbd2 Be7 6. e3 O-O 7. Bd3 d5 8. O-O Nbd7 9. Ne5 h6 10. Bh4 Nxe5 11. dxe5 Ne4 12. Bxe7 Qxe7 13. Qc2 Nc5 14. Be2 a5 15. Nf3 Ne4 16. Nd2 Nxd2 17. Qxd2 c5 18. Rad1 Rfd8 19. f4 Qd7 20. Bf3 Qa4 21. a3 Ba6 22. Rfe1 Ra7 23. Be2 Bxe2 24. Qxe2 Rad7 25. h3 g6 26. Kh2 Kg7 27. Rd2 g5 28. Qf3 d4 29. fxg5 hxg5 30. Qf6+ Kf8 31. Qh6+ Ke8 32. Qh8+ Ke7 33. Qf6+ Ke8 34. exd4 Rd5 35. Rf1 Kd7 36.
Qxf7+ Kc8 37. Qxe6+ Kb8 38. Qxb6+ Ka8 39. Rf7 R5d7 40.
Rxd7 Qxd7 41. Qxa5+ Kb7 42. Qxc5 g4 43. Qd6 g3+ 44.
Kxg3 Qg7+ 45. Kh2 Rxd6 46. exd6 Qh6 47. Rf2 Qxd6+ 48. Kg1 Qh6 49. Kh2 Kc6 50. Rf3 Qc1 51. b3 Qxa3 52. c4 Qb2 53. d5+ Kc5 54. h4 Qe5+ 55.
Kh1 Qe1+ 56. Kh2 Qxh4+ 57. Kg1 Qe1+ 58. Kh2 Kd6 59. b4 Qxb4 60. c5+ Qxc5 61. Rf6+ Ke5 62. Rf3 Qxd5 63. Kg1 Ke4 64. Kh2 Qh5+ 65. Rh3 Qe5+ 66. Kg1 Kf4 67. Kh2 Kg4+ 68. Kg1 Qf4 69. Rf3 Qd4+ 70. Kh2 Qe5+ 71. Kg1 Qe1+ 72. Kh2 Qh4+ 73. Kg1 Qh6 74. Rh3 Qf4 75. Rf3 Qe5 76. Rh3 Qc5+ 77. Kh2 Qc7+ 78. Kg1 Qa7+ 79. Kh2 Qb8+ 80. Kg1 Qb1+ 81. Kh2 Qe1 82. Rf3 Kh4 83. Rf4+ Kg5 84.
Rf3 Kg4 85. Rh3 Kf4 86. Rf3+ Ke4 87. Rh3 Qf1 88. Rf3 Qe1 89. Rh3 Kd4 90. Rf3 Qh4+ 91.
Kg1 Ke4 92. Rh3 Qg4 93. Rf3 Qg5 94. Rh3 Qc5+ 95. Kh2 Kf4 96. Rf3+ Kg4 97. Rh3 Qe5+ 98. Kg1 1/2-1/2

[Event "*** Titled Tuesday Blitz"]
[Site "Chess.com"]
[Date "2020.04.14"]
[Round "6"]
[White "BillieKimbah"]
[Black "Zurability"]
[Result "0-1"]
[WhiteElo "2826"]
[BlackElo "2732"]
[TimeControl "180+1"]
[EndTime "11:06:11 PDT"]
[Termination "Zurability won by checkmate"]

1. c4 e5 2. Nc3 Nc6 3. Nf3 Bb4 4. Nd5 Be7 5. d4 d6 6. e3 Nf6 7. Nc3 O-O 8. Be2 Re8 9. O-O exd4 10. Nxd4 Ne5 11. b3 d5 12. cxd5 Nxd5 13. Bb2 c6 14. Nxd5 Qxd5 15. Qc2 Ng6 16. Rad1 Qa5 17. a3 Bf6 18. b4 Qe5 19. Rd2 Nh4 20. g3 Ng6 21.
Rfd1 Bh3 22. Bc4 Qh5 23. Be2 Bg4 24. Bxg4 Qxg4 25. Qf5 h5 26. h3 Qxf5 27. Nxf5 Ne5 28. Bxe5 Rxe5 29. Nd6 b6 30. e4 a5 31. f4 Re6 32. e5 Be7 33. Nc4 axb4 34. f5 Rh6 35.
axb4 Bxb4 36. Rd8+ Rxd8 37. Rxd8+ Kh7 38. Rd7 b5 39.
Nb2 Kg8 40. Nd3 Bc3 41. Rd8+ Kh7 42. Rd7 Kg8 43. Kg2 b4 44. Rb7 c5 45. Kf3 c4 46. Nxb4 Bxe5 47. Nd5 Rd6 48. Rb5 f6 49. g4 c3 50. Rc5 Kh7 51. Ke4 hxg4 52. hxg4 Rd7 53.
Nxc3 Rd4+ 54. Kf3 Rf4+ 55. Ke3 Rxg4 56. Ne4 Rf4 57. Rc6 Rxf5 58. Rc8 Rh5 59. Ra8 Kg6 60. Ra7 Rh3+ 61. Ke2 Kf5 62. Nf2 Rh2 63. Rxg7 Bd4 64. Kd3 Bxf2 65. Rb7 Bh4 66. Rb5+ Kg6 67. Ke3 Bg5+ 68.
Kf3 Rh4 69. Kg3 Rf4 70. Kg2 Rf5 71. Rb3 Re5 72. Rd3 Kf5 73. Rf3+ Ke6 74. Rb3 f5 75. Rb6+ Kf7 76. Rb7+ Kg6 77. Rb6+ Bf6 78. Kf3 Re4 79. Rc6 Kg5 80. Rc8 Bd4 81. Rg8+ Kf6 82. Rf8+ Kg6 83. Rg8+ Kf7 84. Rc8 Be5 85. Rc6 Rf4+ 86. Ke3 Rg4 87. Kf3 Rg3+ 88. Kf2 f4 89. Rc5 Kf6 90. Rc6+ Kf5 91. Rc8 Ke4 92. Rc4+ Bd4+ 93. Kf1 Rg1+ 94.
Ke2 f3+ 95. Kd2 f2 96. Rc8 f1=Q 97. Re8+ Kd5 98. Rd8+ Kc5 99. Rc8+ Kd6 100. Rd8+ Kc7 101. Rxd4 Qf2+ 102. Kd3 Rd1+ 103. Kc4 Qxd4+ 104. Kb5 Rb1+ 105. Ka6 Qa1# 0-1

[Event "*** Titled Tuesday Blitz"]
[Site "Chess.com"]
[Date "2020.04.14"]
[Round "6"]
[White "GodDMuhammad"]
[Black "asimali1977"]
[Result "0-1"]
[WhiteElo "2232"]
[BlackElo "1992"]
[TimeControl "180+1"]
[EndTime "11:06:18 PDT"]
[Termination "asimali1977 won by checkmate"]

1. f4 g6 2. e4 Bg7 3. d3 d5 4. e5 c5 5. Nf3 Nc6 6. g3 Bg4 7. Bg2 e6 8. c3 Nge7 9. O-O O-O 10. Be3 b6 11. Nbd2 Rc8 12. h3 Bxf3 13. Qxf3 Nf5 14. Bf2 Qe7 15. Rad1 d4 16. Ne4 Nxe5 17.
fxe5 Bxe5 18. g4 Nh4 19. Bxh4 Qxh4 20. Nf6+ Bxf6 21. Qxf6 Qxf6 22. Rxf6 Kg7 23. g5 h6 24.
h4 hxg5 25. hxg5 Rc7 26. Rdf1 Rh8 27. Bf3 Rh4 28. Kg2 c4 29. dxc4 dxc3 30. bxc3 Rhxc4 31. Rf2 Rxc3 32. Kg3 R3c5 33. Kg4 Rc4+ 34. Rf4 Rxf4+ 35. Kxf4 Rc5 36. Be4 a5 37. Rd2 b5 38. Rd7 b4 39. Ra7 Kf8 40. Bd3 Ke8 41. Rb7 Rd5 42. Be4 Rc5 43. Rb8+ Ke7 44. Rb7+ Kf8 45. Bd3 Rd5 46. Bb5 Kg7 47. Bd7 Rf5+ 48. Kg4 Kf8 49. Ba4 Rc5 50. Bb3 Re5 51. Kf4 Rc5 52. Rb8+ Kg7 53. Ra8 Kh7 54. Ra7 Kg8 55. Ba4 Rf5+ 56. Kg4 Rc5 57. Be8 Rf5 58. Rb7 Kf8 59. Bd7 Rd5 60.
Ba4 Rd4+ 61. Kf3 Rd5 62. Kf4 Rd4+ 63. Ke5 Rd5+ 64. Kf4 Rd4+ 65. Kf3 Rd3+ 66. Ke4 Rd5 67.
Rb8+ Kg7 68. Be8 Rxg5 69. Rb7 Rf5 70. Bd7 Kf8 71. Ra7 g5 72. Bc6 g4 73. Ke3 g3 74.
Ra8+ Kg7 75. Bg2 Rf2 76. Be4 Rxa2 77. Rb8 g2 78. Bxg2 Rxg2 79. Rb5 Ra2 80. Rg5+ Kf6 81. Rg8 b3 82. Kd3 a4 83. Kc3 Rc2+ 84. Kd3 Rc5 85. Rg4 Rb5 86. Rf4+ Ke7 87. Rf1 b2 88. Kc2 a3 89.
Kb1 a2+ 90. Kxa2 b1=Q+ 91. Rxb1 Rxb1 92. Kxb1 Kf6 93. Kc2 Kf5 94. Kd3 Kf4 95. Ke2 e5 96. Kf2 f5 97. Ke2 e4 98. Kf2 Ke5 99. Ke2 f4 100.
Kf2 Kd4 101. Ke2 Kc3 102. Kf2 Kd2 103. Kf1 e3 104. Kg2 e2 105. Kf3 e1=Q 106. Kxf4 Kd3 107. Kf3 Qf2+ 108. Kg4 Ke4 109. Kg5 Ke5 110. Kg4 Qg2+ 111. Kh5 Qg3 112. Kh6 Kf6 113. Kh7 Qg6+ 114. Kh8 Qg7# 0-1